 Dungeon Crawl Stone Soup version 0.20-a0-700-gbd4582c (webtiles) character file.

268 Gorglomux the Ruffian (level 6, -1/51 HPs)
             Began as a Ghoul Monk on Feb 21, 2017.
             Killed from afar by Dowan (18 damage)
             ... with a shard of ice
             ... on level 4 of the Dungeon.
             The game lasted 00:06:07 (2744 turns).

Gorglomux the Ruffian (Ghoul Monk)                  Turns: 2744, Time: 00:06:07

Health: -1/51      AC:  3    Str: 15    XL:     6   Next: 21%
Magic:  5/5        EV: 13    Int:  5    God:
Gold:   230        SH:  0    Dex: 13    Spells: 5/5 levels left

rFire    . . .     SeeInvis .     - Unarmed
rCold    + . .     Gourm    .   a - +0 robe
rNeg     + + +     Faith    +   (no shield)
rPois    ∞         Spirit   .   (no helmet)
rElec    .         Reflect  .   v - +0 cloak
rCorr    .         Harm     .   (no gloves)
MR       .....                  (no boots)
Stlth    +.........             r - amulet of faith
Regen    0.1/turn               (no ring)
MPRegen  0.1/turn               (no ring)

@: very slightly contaminated, rotting, hasted, glowing, very quick
A: rotting body, claws 1, carnivore 3, cold resistance 1, negative energy
resistance 3, slow regeneration 1, torment resistance, unbreathing
a: no special abilities


You were on level 4 of the Dungeon.
You were not hungry.

You visited 1 branch of the dungeon, and saw 4 of its levels.

You collected 230 gold pieces.

Inventory:

Armour
 a - a +0 robe (worn)
 v - a +0 cloak (worn)
Jewellery
 r - an amulet of faith (around neck)
 y - a +5 amulet of reflection {unknown}
Scrolls
 e - 2 scrolls of recharging
 f - a scroll of amnesia
 j - a scroll of fog {unknown}
 k - a scroll of random uselessness {unknown}
 m - 2 scrolls of remove curse
 u - 2 scrolls of immolation {unknown}
 w - a scroll of magic mapping {unknown}
 A - 2 scrolls of blinking {unknown}
 B - a scroll of teleportation {unknown}
Potions
 h - a potion of resistance
 i - 2 potions of magic
 n - a potion of cancellation
 t - a potion of might
 z - 2 potions of curing
 C - 2 potions of heal wounds {unknown}
 D - a potion of invisibility {unknown}
Comestibles
 b - 4 meat rations
 q - 3 royal jellies


   Skills:
 - Level 3.2 Fighting
 - Level 2.6 Dodging
 - Level 2.1 Stealth
 + Level 7.4 Unarmed Combat


You had 5 spell levels left.
You didn't know any spells.

Dungeon Overview and Level Annotations

Branches:
Dungeon (4/15)
 Temple: D:4-7

Altars:
Elyvilon
Kikubaaqudgha
Xom
Yredelemnul
The Shining One

Shops:
D:4 =

Annotations:
D:4 Dowan, Pikel


Innate Abilities, Weirdness & Mutations

Your body is rotting away.
You thrive on raw meat.
You are immune to poison.
You have sharp fingernails.
You are carnivorous and can eat meat at any time.
Your flesh is cold resistant. (rC+)
You are immune to negative energy. (rN+++)
You regenerate slowly when monsters are visible.
You are immune to unholy pain and torment.
You can survive without breathing.


Message History

Dowan seems to find hidden reserves of power!
Your Unarmed Combat skill increases to level 7!
You have reached level 6!
Your experience leads to an increase in your attributes!
Increase (S)trength, (I)ntelligence, or (D)exterity?
You feel agile.
You scratch Dowan.
Dowan is lightly wounded.
Dowan hits you but does no damage.
You miss Dowan.
Dowan is lightly wounded.
Dowan hits you but does no damage.
You scratch Dowan.
Dowan is moderately wounded.
Dowan closely misses you.
You claw Dowan!
Dowan is severely wounded.
Dowan points at you and mumbles some strange words.
The shard of ice hits you! You partially resist.
You die...

......# #.# ......# #.#
##### ......# #.# #...#
.#..#####.#####.#.#
...............>#.#####
.##.#####.............#
.##..# #.............#
.###.## #.............#
.# #..# #.).....@e....#
.# ##.###.....).>)....#
.# #..##.............#
.# ##.##.............#
.# #.# .............#
.# #.##.............#
.# #..#######.#######
##.## #. #..#


You could see Dowan.

Vanquished Creatures
  Duvessa (D:4)
  A worker ant (D:4)
  5 adders
  3 gnolls
  4 dart slugs
  7 bats
  7 giant cockroaches
  8 goblins
  7 hobgoblins
  3 quokkas
  4 frilled lizards
  5 kobolds
  6 rats
61 creatures vanquished.

Notes
Turn   | Place    | Note
-------+----------+-------------------------------------------
     0 | D:1      | Gorglomux the Ghoul Monk began the quest for the Orb.
     0 | D:1      | Reached XP level 1. HP: 19/19 MP: 0/0
   100 | D:1      | Reached XP level 2. HP: 22/26 MP: 1/1
   117 | D:1      | Reached skill level 4 in Unarmed Combat
   385 | D:1      | Reached XP level 3. HP: 25/31 MP: 2/2
   762 | D:2      | Found a shimmering altar of Xom.
   764 | D:2      | Found an ancient bone altar of Kikubaaqudgha.
   764 | D:2      | Found a sacrificial altar of Ru.
   766 | D:2      | Found a sparkling altar of Nemelex Xobeh.
   766 | D:2      | Found a hide-covered altar of Uskayaw.
   766 | D:2      | Found an ancient bone altar of Kikubaaqudgha.
   981 | D:2      | Reached skill level 5 in Unarmed Combat
  1127 | D:2      | Found a glowing golden altar of the Shining One.
  1132 | D:2      | Reached XP level 4. HP: 38/38 MP: 3/3
  1403 | D:2      | Found an ancient bone altar of Kikubaaqudgha.
  1490 | D:3      | Found a basalt altar of Yredelemnul.
  1608 | D:3      | Found a white marble altar of Elyvilon.
  2092 | D:4      | Noticed a slave
  2093 | D:4      | Noticed Pikel
  2094 | D:4      | Noticed a slave
  2189 | D:2      | Reached skill level 6 in Unarmed Combat
  2189 | D:2      | Reached XP level 5. HP: 15/45 MP: 4/4
  2689 | D:4      | Found Xihat's Jewellery Emporium.
  2721 | D:4      | Noticed Dowan
  2722 | D:4      | Noticed Duvessa
  2740 | D:4      | Killed Duvessa
  2740 | D:4      | Reached skill level 7 in Unarmed Combat
  2740 | D:4      | Reached XP level 6. HP: 17/51 MP: 5/5
  2744 | D:4      | Killed from afar by Dowan

Vault maps used:
D:1:      co_arrival_random_square_maze
D:2:      marbit_many_paths, nicolae_overflow_hidden_temple, doesnt_xom_only_xom
D:3:      kennysheep_ying_yang, nrook_mini_vaults, minivault_24,
          minmay_misc_feat_five
D:4:      grunt_temple_overflow_opulence, serial_shops,
          nicolae_shop_temple_entry_statues_fountains, first_bread, uniq_pikel,
          uniq_duvessa

Skill      XL: |  1  2  3  4  5 |
---------------+----------------+-----
Unarmed Combat | 4 5 6 7 |  7.4
Fighting       | |  3.2
Dodging        | |  2.6
Stealth        | |  2.1

Action                   |  1- 3 |  4- 6 || total
-------------------------+-------+-------++-------
Melee: Unarmed           |   135 |    98 ||   233
       Punch             |       |     2 ||     2
  Use: Scroll            |       |     9 ||     9
       Potion            |       |     1 ||     1
 Stab: Sleeping          |     4 |     2 ||     6
  Eat: Chunk             |    12 |     8 ||    20
Armor: Robe              |    24 |    12 ||    36
Dodge: Dodged            |   108 |    59 ||   167
